 Dungeon Crawl Stone Soup version 0.26-a0-466-g989023bd0d (webtiles) character file.

Game seed: 14478139458303822671

394 night the Chiller (level 6, -2/41 HPs)
             Began as a Merfolk Ice Elementalist on Aug 9, 2020.
             Slain by an orc warrior
             ... wielding a +0 trident
              (11 damage)
             ... on level 7 of the Dungeon.
             The game lasted 00:09:49 (3464 turns).

night the Chiller (Merfolk Ice Elementalist)        Turns: 3464, Time: 00:09:50

Health: -2/41      AC:  6    Str:  9    XL:     6   Next: 82%
Magic:  7/12       EV: 12    Int: 16    God:
Gold:   142        SH:  0    Dex: 14    Spells: 6/13 levels left

rFire    . . .     SeeInvis .   d - +4 spear
rCold    . . .     Faith    .   (no shield)
rNeg     . . .     Spirit   .   a - +0 robe
rPois    .         Reflect  .   (no helmet)
rElec    .         Harm     .   g - +0 cloak
rCorr    .                      o - +0 pair of gloves
MR       .....                  l - +1 pair of boots
Stlth    ++........             (no amulet)
HPRegen  0.13/turn              (no ring)
MPRegen  0.13/turn              (no ring)

@: brilliant, very slightly contaminated, hasted, lightly drained, very quick
A: change form in water, swift swim, stealthy swim
a: no special abilities


You were on level 7 of the Dungeon.
You visited 1 branch of the dungeon, and saw 5 of its levels.

You collected 142 gold pieces.

Inventory:

Hand Weapons
 d - a +4 spear (weapon)
Missiles
 j - 4 datura-tipped darts (quivered)
Armour
 a - a +0 robe (worn)
 g - a +0 cloak (worn)
 l - a +1 pair of boots (worn)
 o - a +0 pair of gloves (worn)
Wands
 m - a wand of disintegration (7)
Scrolls
 c - 6 scrolls of identify
 k - a scroll of remove curse
 n - a scroll of amnesia
Potions
 e - a potion of resistance
 f - a potion of brilliance
 i - a potion of lignification {unknown}
 q - a potion of invisibility {unknown}


   Skills:
 - Level 2.6(2.1) Dodging
 - Level 2.1(1.6) Stealth
 + Level 4.0(3.4) Spellcasting
 * Level 7.5(6.9) Ice Magic


You had 6 spell levels left.
You knew the following spells:

 Your Spells              Type           Power        Failure   Level
a - Freeze                Ice            ####         1%          1
b - Ozocubu's Armour      Ice            #####...     3%          3
c - Frozen Ramparts       Ice            #####.       3%          3

Your spell library contained the following spells:

 Spells                   Type           Power        Failure   Level
 Hailstorm                Conj/Ice       ###.....     38%         4
 Summon Ice Beast         Ice/Summ       ###.....     38%         4


Dungeon Overview and Level Annotations

Branches:
Dungeon (4/15)
 Temple: D:4-7

Altars:
Kikubaaqudgha


Message History

Okay, then.
It was a potion of brilliance.
You feel clever all of a sudden.
A wight comes into view. It is wielding a +0 hand axe.
The wight hits you from afar with a cursed +3 spear.
* * * LOW HITPOINT WARNING * * *
You feel much better. The wight closely misses you.
The wight hits you but does no damage.
It was a potion of haste.
You feel yourself speed up.
The wight hits you from afar with a cursed +3 spear.
You feel drained.
The wight hits you with a cursed +3 battleaxe!
* * * LOW HITPOINT WARNING * * *
Okay, then.
Evoke which item? (* to show all) (? for menu, Esc to quit)
Press: ? - help, Shift-Dir - straight line, f - orc warrior
Aim: an orc warrior, wielding a +0 trident and wearing a +0 chain mail (chance to defeat MR: 65%)
The orc warrior is blasted!
The orc warrior hits you from afar with a +0 trident!
You die...

#######
#.@...#
#.z...#
#o.z..#
#.o...#
#.....#
####z.###
##.##..#
#......#
#......#


You could see an orc warrior, 3 wights and an orc.

Vanquished Creatures
  A steam dragon (D:7)
  A scorpion (D:4)
  2 vampire bats (D:3)
  A centaur skeleton (D:4)
  An iguana (D:4)
  2 adders (D:2)
  An ooze (D:3)
  3 worms
  2 leopard geckos
  3 orcs (D:3)
  4 ball pythons
  A bat skeleton (D:3)
  3 bat zombies (D:3)
  3 giant cockroaches
  7 goblins
  2 hobgoblins (D:3)
  2 jackals (D:2)
  6 bats
  7 frilled lizards
  10 kobolds
  3 rats (D:2)
65 creatures vanquished.

Notes
Turn   | Place    | Note
-------+----------+-------------------------------------------
     0 | D:1      | night the Merfolk Ice Elementalist began the quest for the
                  | Orb.
     0 | D:1      | Reached XP level 1. HP: 13/13 MP: 3/3
   381 | D:1      | Reached XP level 2. HP: 19/19 MP: 3/5
  1108 | D:2      | Reached skill level 5 in Ice Magic
  1118 | D:2      | Noticed a phantom
  1139 | D:2      | Reached XP level 3. HP: 12/24 MP: 2/6
  1144 | D:2      | Learned a level 3 spell: Ozocubu's Armour
  1747 | D:2      | Learned a level 3 spell: Frozen Ramparts
  2129 | D:3      | Reached XP level 4. HP: 11/30 MP: 4/8
  2527 | D:3      | Found an ancient bone altar of Kikubaaqudgha.
  2534 | D:3      | Reached skill level 6 in Ice Magic
  2544 | D:3      | Reached XP level 5. HP: 24/35 MP: 6/9
  3201 | D:4      | Reached XP level 6. HP: 41/41 MP: 7/11
  3257 | D:4      | Reached skill level 7 in Ice Magic
  3428 | D:4      | You fall into a shaft and drop 3 floors!
  3429 | D:7      | Noticed a steam dragon
  3449 | D:7      | Killed a steam dragon
  3454 | D:7      | Noticed an orc warrior
  3457 | D:7      | HP: 3/41 [wight/cursed +3 battleaxe (10)]
  3459 | D:7      | HP: 1/41 [wight/cursed +3 spear (3)]
  3464 | D:7      | Slain by an orc warrior

Illustrated notes

Levels and vault maps discovered:
D:1:      minmay_arrival_cross, layout_basic
D:2:      layout_basic, serial_curves, eino_curves_04, eino_curves_03
D:3:      layout_rooms, kennysheep_vampire_church
D:4:      layout_basic, serial_glass, glass_columns_a, glass_columns_a,
          glass_columns_b, glass_columns_a, glass_columns_a, glass_columns_b,
          glass_columns_b, glass_columns_b
D:7:      layout_gridville, basic_altar, chequers_serial_rivers_large_a,
          minmay_starry_boxes

Skill      XL: |  1  2  3  4  5  6 |
---------------+-------------------+-----
Ice Magic      | 5 6 7 |  7.5
Spellcasting   | 3 4 |  4.0
Dodging        | |  2.6
Stealth        | |  2.1

Action                   |  1- 3 |  4- 6 || total
-------------------------+-------+-------++-------
Melee: Spear             |    73 |    52 ||   125
 Cast: Freeze            |    41 |       ||    41
       Ozocubu's Armour  |     2 |       ||     2
       Frozen Ramparts   |     1 |    15 ||    16
Evoke: Wand              |       |     1 ||     1
  Use: Scroll            |     4 |     5 ||     9
       Potion            |       |     3 ||     3
 Stab: Sleeping          |     3 |     1 ||     4
Armor: Robe              |    20 |    29 ||    49
Dodge: Dodged            |    45 |    61 ||   106

Table legend: (Time is in decaauts)
 A = Elapsed time spent in this place.
 B = Non-inter-level travel time spent in this place.
 C = Inter-level travel time spent in this place.
 D = Time resting spent in this place.
 E = Time spent auto-exploring this place.
 F = Levels seen in this place.
 G = Mean time per level.
                   A        B        C        D        E       F      G
               +--------+--------+--------+--------+--------+-----+--------+
         Total |   3475 |   3412 |     63 |   1041 |   1663 |   5 |  695.0 |
       Dungeon |   3475 |   3412 |     63 |   1041 |   1663 |   5 |  695.0 |
               +--------+--------+--------+--------+--------+-----+--------+

Top non-repeatable levels by time:
     D:3: 1337 daAuts
     D:1: 1026 daAuts
     D:2: 732 daAuts
     D:4: 344 daAuts
     D:7: 36 daAuts
